Blues vs Coyotes (R2)

Created - February 10, 2020 at 00:47

Goals
1 2 3 T
Blues 0 1 3 4
Coyotes 0 2 0 2
Shots
1 2 3 T
Blues 9 9 14 32
Coyotes 4 22 7 33

1st period

No Goal

Penalties :
David Perron (STL) for Holding (Minor) at 5:21, Zach Parise (Ari) for Tripping (Minor) at 11:03, Andrew MacDonald (Ari) for Hooking (Minor) at 13:16

2nd period

1. Blues , Jordan Eberle 16 (David Perron 23, Nicklas Backstrom 34) at 7:30
2. Coyotes , Nazem Kadri 9 (Tyler Ennis 20) at 12:18 (PP)
3. Coyotes , Marian Gaborik 25 (Anton Stralman 13, Kristopher Letang 18) at 19:57 (PP)

Penalties :
Reilly Smith (STL) for Hooking (Minor) at 1:36, Alex Pietrangelo (STL) for Interference (Minor) at 9:15, Jean-Gabriel Pageau (STL) for Hooking (Minor) at 12:10, Jean-Gabriel Pageau (STL) for Roughing (Minor) at 16:01, Nicklas Backstrom (STL) for Hooking (Minor) at 19:27

3rd period

4. Blues , Gustav Nyquist 5 (Alex Pietrangelo 40, Yann Sauvé 10) at 9:42
5. Blues , Gustav Nyquist 6 (Sergey Kalinin 1, Alex Pietrangelo 41) at 16:50
6. Blues , Shayne Gostisbehere 2 (Filip Forsberg 15, Carey Price) at 19:03 (PP)

Penalties :
Tyler Ennis (Ari) for Cross-checking (Minor) at 1:18, Michael Del Zotto (Ari) for High sticking (Minor) at 7:10, Jean-Gabriel Pageau (STL) for Tripping (Minor) at 11:02, Nick Bonino (Ari) for Interference (Minor) at 17:57

Goalie Stats

Carey Price (STL), 31 saves from 33 shots - (0.939), W, 16-17-4, 60:00 minutes
Maxime Daigneault (Ari), 28 saves from 32 shots - (0.875), L, 18-13-1, 60:00 minutes

Players Stats for Blues

Player Name              G  A  P  +/- PIM S  H  SB GA TA FO     MP     PP MP  PK MP  
------------------------------------------------------------------------------------
Alex Pietrangelo         0  2  2   2  2   7  1  2  0  0  0/0    27:38   5:17   5:05 
Cody Ceci                0  0  0   0  0   0  0  1  0  0  0/0    16:31   0:00   6:06 
David Perron             0  1  1   1  2   4  1  0  1  0  1/1    18:34   5:04   0:00 
Dougie Hamilton          0  0  0   0  0   0  1  1  0  0  0/0    14:22   3:45   0:31 
Filip Forsberg           0  1  1   0  0   1  2  0  0  1  0/0    16:54   3:55   2:28 
Gustav Nyquist           2  0  2   2  0   4  2  0  0  0  0/1     6:57   0:07   0:00 
Jake Gardiner            0  0  0   1  0   1  3  1  0  0  0/0    22:32   5:36   4:06 
Jean-Gabriel Pageau      0  0  0   0  6   1  1  0  0  0  2/6    15:48   3:55   1:42 
Jordan Eberle            1  0  1   1  0   2  1  1  1  0  2/4    24:29   5:03   6:05 
Kyle Clifford            0  0  0   0  0   1  0  0  0  0  2/2    11:22   0:03   0:45 
Nicklas Backstrom        0  1  1   1  2   3  2  0  0  0  19/27  18:28   5:04   0:20 
Reilly Smith             0  0  0   0  2   2  1  1  0  0  0/0     9:58   0:00   0:00 
Sergei Shirokov          0  0  0   0  0   0  4  1  0  0  1/1    13:56   3:55   0:00 
Sergey Kalinin           0  1  1   2  0   3  2  0  0  1  6/18   12:52   0:00   6:18 
Shayne Gostisbehere      1  0  1   0  0   1  3  0  0  0  0/0    16:57   3:26   1:15 
Simon Gagné              0  0  0   2  0   1  0  0  0  0  0/0    10:13   0:00   3:28 
Tomas Plekanec           0  0  0   0  0   0  1  0  0  0  3/6     9:50   0:00   0:00 
Yann Sauvé               0  1  1   3  0   1  1  0  0  0  0/0    21:59   0:00   4:03 

Players Stats for Coyotes

Player Name              G  A  P  +/- PIM S  H  SB GA TA FO     MP     PP MP  PK MP  
------------------------------------------------------------------------------------
Andrew MacDonald         0  0  0   0  2   0  1  0  0  0  0/0    11:23   0:00   0:00 
Anton Stralman           0  1  1  -1  0   2  1  2  0  0  0/0    27:38   6:57   6:16 
Brad Richards            0  0  0  -2  0   2  2  1  0  0  4/9    17:35   4:00   2:18 
Chris Stewart            0  0  0  -2  0   1  2  0  0  0  0/2    15:43   4:00   0:00 
Evgeny Artyukhin         0  0  0   0  0   1  0  0  0  0  0/0    13:42   0:00   1:36 
Jamie Arniel             0  0  0   0  0   3  2  0  0  0  5/10   12:21   0:00   0:00 
Kristopher Letang        0  1  1  -1  0   2  3  3  0  1  0/0    29:47   6:57   6:16 
Marian Gaborik           1  0  1  -1  0   6  0  0  1  0  0/1    22:08   6:33   0:00 
Martin Samuelsson        0  0  0   0  0   3  0  0  0  0  4/12   17:47   0:00   5:54 
Matt Donovan             0  0  0   0  0   1  0  0  0  0  0/0    11:48   0:00   0:25 
Michael Del Zotto        0  0  0  -2  2   1  3  0  0  1  0/0    18:26   3:36   2:21 
Mike Weber               0  0  0   0  0   1  0  0  0  0  0/0     2:15   0:00   0:00 
Nazem Kadri              1  0  1   0  0   4  2  1  0  0  14/23  18:32   6:33   0:00 
Nick Bonino              0  0  0  -1  2   0  0  0  0  0  1/4     5:12   0:00   0:00 
Ramzi Abid               0  0  0  -1  0   0  0  0  0  0  0/1    11:30   0:00   5:58 
Thomas Hickey            0  0  0  -2  0   1  1  0  0  0  0/0    18:50   3:36   2:46 
Tyler Ennis              0  1  1   0  2   5  0  1  1  0  2/4    18:47   6:33   0:00 
Zach Parise              0  0  0  -2  2   0  0  1  0  0  0/0    17:29   4:00   2:18 

3 Stars

1 - Gustav Nyquist (STL)
2 - Jordan Eberle (STL)
3 - Shayne Gostisbehere (STL)

Power Play

Blues - 1 on 5 Attempt(s) - 20.00%
Coyotes - 2 on 7 Attempt(s) - 28.57%

Penalty Kill

Blues - 5 on 7 Attempt(s) - 71.43% - Score 0 goal in Penalty Kill
Coyotes - 4 on 5 Attempt(s) - 80.00% - Score 0 goal in Penalty Kill

Team Stat

Blues - Hits : 26 - Faceoff Wins : 36 - Blocked Shots : 8 - Penalty Minutes : 14
Coyotes - Hits : 17 - Faceoff Wins : 30 - Blocked Shots : 9 - Penalty Minutes : 10

Official

Referees : Unknown
Linesman : Unknown

Game Notes

No Game Note

Finance

Level 1 -- Attendance: 6000 (100.00%) -- Ticket Income $630,000
Level 2 -- Attendance: 4037 (80.74%) -- Ticket Income $274,516
Level 3 -- Attendance: 1923 (96.15%) -- Ticket Income $76,920
Level 4 -- Attendance: 3662 (91.55%) -- Ticket Income $109,860
Luxury Box -- Attendance: 1000 (100.00%) -- Ticket Income $180,000
Game was played at the The Pack Center.
Total Attendance: 16622 (92.34%)
Total Ticket Income: $1,271,296
Other Income: $190,694
Total Income: $1,461,990

Blues

5 vs 5 Forward 
   Center                   Left Wing                Right Wing               Time % Phy DF OF 
 1 Nicklas Backstrom        David Perron             Jordan Eberle            40     1   2  2  
 2 Jean-Gabriel Pageau      Filip Forsberg           Sergei Shirokov          30     1   2  2  
 3 Tomas Plekanec           Kyle Clifford            Reilly Smith             20     1   2  2  
 4 Sergey Kalinin           Simon Gagné              Gustav Nyquist           10     1   2  2  

5 vs 5 Defense 
   Defense                  Defense                                           Time % Phy DF OF 
 1 Alex Pietrangelo         Yann Sauvé                                        40     1   2  2  
 2 Shayne Gostisbehere      Jake Gardiner                                     30     1   2  2  
 3 Cody Ceci                Dougie Hamilton                                   20     1   2  2  
 4 Yann Sauvé               Jake Gardiner                                     10     1   2  2  

PowerPlay Forward 
   Center                   Left Wing                Right Wing               Time % Phy DF OF 
 1 Nicklas Backstrom        David Perron             Jordan Eberle            60     1   2  2  
 2 Jean-Gabriel Pageau      Filip Forsberg           Sergei Shirokov          40     1   2  2  

PowerPlay Defense
   Defense                  Defense                                           Time % Phy DF OF 
 1 Alex Pietrangelo         Jake Gardiner                                     60     1   2  2  
 2 Shayne Gostisbehere      Dougie Hamilton                                   40     1   2  2  

Penalty Kill 4 Players Forward 
   Center                   Wing                     Time % Phy DF OF 
 1 Sergey Kalinin           Jordan Eberle            60     1   2  2  
 2 Jean-Gabriel Pageau      Simon Gagné              40     1   2  2  

Penalty Kill 4 Players Defense
   Defense                  Defense                  Time % Phy DF OF 
 1 Alex Pietrangelo         Cody Ceci                60     1   2  2  
 2 Jake Gardiner            Yann Sauvé               40     1   2  2  

Penalty Kill - 3 Players Forward 
   Forward                                           Time % Phy DF OF 
 1 Sergey Kalinin                                    60     1   2  2  
 2 Jordan Eberle                                     40     1   2  2  

Penalty Kill - 3 Players Defense
   Defense                  Defense                  Time % Phy DF OF 
 1 Alex Pietrangelo         Cody Ceci                60     1   2  2  
 2 Jake Gardiner            Yann Sauvé               40     1   2  2  

4 vs 4 Forward 
   Center                   Wing                     Time % Phy DF OF 
 1 Nicklas Backstrom        David Perron             60     1   2  2  
 2 Jean-Gabriel Pageau      Jordan Eberle            40     1   2  2  

4 vs 4 Defense
   Defense                  Defense                  Time % Phy DF OF 
 1 Alex Pietrangelo         Cody Ceci                60     1   2  2  
 2 Jake Gardiner            Shayne Gostisbehere      40     1   2  2  

Last Minutes Offensive
   Center                   Left Wing                Right Wing               Defense                  Defense                  
   Nicklas Backstrom        David Perron             Jordan Eberle            Alex Pietrangelo         Jake Gardiner            

Last Minutes Defensive
   Center                   Left Wing                Right Wing               Defense                  Defense                  
   Sergey Kalinin           Kyle Clifford            Jordan Eberle            Yann Sauvé               Cody Ceci                

Goaltenders
Starting : Carey Price              
Backup : Pascal Leclaire          

Extra Forwards
Normal : Jean-Gabriel Pageau, Sergey Kalinin, Jordan Eberle - PP : Gustav Nyquist, Nicklas Backstrom - PK : Filip Forsberg
Extra Defensemen
Normal : Shayne Gostisbehere, Cody Ceci, Jake Gardiner - PP : Shayne Gostisbehere - PK : Shayne Gostisbehere, Jake Gardiner
Penalty Shots
David Perron, Jordan Eberle, Nicklas Backstrom, Filip Forsberg, Sergei Shirokov

Scratches
Drew Shore (Broken Right Thumb Injury), D.J King (Healthy)

Coyotes

5 vs 5 Forward 
   Center                   Left Wing                Right Wing               Time % Phy DF OF 
 1 Nazem Kadri              Tyler Ennis              Marian Gaborik           40     1   2  2  
 2 Brad Richards            Zach Parise              Chris Stewart            30     1   2  2  
 3 Jamie Arniel             Martin Samuelsson        Evgeny Artyukhin         20     1   2  2  
 4 Nick Bonino              Ramzi Abid               Marian Gaborik           10     1   2  2  

5 vs 5 Defense 
   Defense                  Defense                                           Time % Phy DF OF 
 1 Kristopher Letang        Anton Stralman                                    40     1   2  2  
 2 Michael Del Zotto        Thomas Hickey                                     30     1   2  2  
 3 Andrew MacDonald         Matt Donovan                                      20     1   2  2  
 4 Mike Weber               Kristopher Letang                                 10     1   2  2  

PowerPlay Forward 
   Center                   Left Wing                Right Wing               Time % Phy DF OF 
 1 Nazem Kadri              Tyler Ennis              Marian Gaborik           60     1   2  2  
 2 Brad Richards            Zach Parise              Chris Stewart            40     1   2  2  

PowerPlay Defense
   Defense                  Defense                                           Time % Phy DF OF 
 1 Kristopher Letang        Anton Stralman                                    60     1   2  2  
 2 Michael Del Zotto        Thomas Hickey                                     40     1   2  2  

Penalty Kill 4 Players Forward 
   Center                   Wing                     Time % Phy DF OF 
 1 Martin Samuelsson        Ramzi Abid               60     1   2  2  
 2 Brad Richards            Zach Parise              40     1   2  2  

Penalty Kill 4 Players Defense
   Defense                  Defense                  Time % Phy DF OF 
 1 Kristopher Letang        Anton Stralman           60     1   2  2  
 2 Michael Del Zotto        Thomas Hickey            40     1   2  2  

Penalty Kill - 3 Players Forward 
   Forward                                           Time % Phy DF OF 
 1 Tyler Ennis                                       60     1   2  2  
 2 Marian Gaborik                                    40     1   2  2  

Penalty Kill - 3 Players Defense
   Defense                  Defense                  Time % Phy DF OF 
 1 Kristopher Letang        Anton Stralman           60     1   2  2  
 2 Michael Del Zotto        Thomas Hickey            40     1   2  2  

4 vs 4 Forward 
   Center                   Wing                     Time % Phy DF OF 
 1 Tyler Ennis              Marian Gaborik           60     1   2  2  
 2 Zach Parise              Nazem Kadri              40     1   2  2  

4 vs 4 Defense
   Defense                  Defense                  Time % Phy DF OF 
 1 Kristopher Letang        Anton Stralman           60     1   2  2  
 2 Michael Del Zotto        Thomas Hickey            40     1   2  2  

Last Minutes Offensive
   Center                   Left Wing                Right Wing               Defense                  Defense                  
   Nazem Kadri              Tyler Ennis              Marian Gaborik           Kristopher Letang        Anton Stralman           

Last Minutes Defensive
   Center                   Left Wing                Right Wing               Defense                  Defense                  
   Nazem Kadri              Tyler Ennis              Marian Gaborik           Kristopher Letang        Anton Stralman           

Goaltenders
Starting : Maxime Daigneault        
Backup : Thomas McCollum          

Extra Forwards
Normal : Jamie Arniel, Martin Samuelsson, Evgeny Artyukhin - PP : Jamie Arniel, Martin Samuelsson - PK : Evgeny Artyukhin
Extra Defensemen
Normal : Andrew MacDonald, Matt Donovan, Mike Weber - PP : Andrew MacDonald - PK : Matt Donovan, Mike Weber
Penalty Shots
Tyler Ennis, Marian Gaborik, Zach Parise, Nazem Kadri, Brad Richards

Scratches
Josh Gorges (Healthy)

% Time on Ice - Blues

Lines # - Real PCT - Wanted PCT - Time Play
Normal Forward
1 - 34% - 40% - 13:49
2 - 25% - 30% - 10:12
3 - 24% - 20% - 9:50
4 - 16% - 10% - 6:34
Normal Defense
1 - 45% - 40% - 18:16
2 - 30% - 30% - 11:59
3 - 23% - 20% - 9:11
4 - 2% - 10% - 0:59
PP Forward
1 - 57% - 60% - 5:07
2 - 43% - 40% - 3:55
PP Defense
1 - 62% - 60% - 5:36
2 - 38% - 40% - 3:26
PK Forward
1 - 67% - 60% - 7:05
2 - 33% - 40% - 3:28
PK Defense
1 - 62% - 60% - 6:30
2 - 38% - 40% - 4:03
PK3 Forward
1 - 0% - 60%
2 - 0% - 40%
PK3 Defense
1 - 0% - 60%
2 - 0% - 40%
44 Forward
1 - 0% - 60%
2 - 0% - 40%
44 Defense
1 - 0% - 60%
2 - 0% - 40%
Last Minute Offensive  - 0:00
Last Minute Defensive  - 0:00
Total
Forward - 60:00
Defense - 60:00

% Time on Ice - Coyotes

Lines # - Real PCT - Wanted PCT - Time Play
Normal Forward
1 - 31% - 40% - 12:31
2 - 28% - 30% - 11:16
3 - 28% - 20% - 11:25
4 - 13% - 10% - 5:13
Normal Defense
1 - 35% - 40% - 14:19
2 - 31% - 30% - 12:28
3 - 28% - 20% - 11:23
4 - 6% - 10% - 2:15
PP Forward
1 - 62% - 60% - 6:33
2 - 38% - 40% - 4:00
PP Defense
1 - 66% - 60% - 6:57
2 - 34% - 40% - 3:36
PK Forward
1 - 78% - 60% - 7:01
2 - 22% - 40% - 2:01
PK Defense
1 - 69% - 60% - 6:16
2 - 31% - 40% - 2:46
PK3 Forward
1 - 0% - 60%
2 - 0% - 40%
PK3 Defense
1 - 0% - 60%
2 - 0% - 40%
44 Forward
1 - 0% - 60%
2 - 0% - 40%
44 Defense
1 - 0% - 60%
2 - 0% - 40%
Last Minute Offensive  - 0:00
Last Minute Defensive  - 0:00
Total
Forward - 60:00
Defense - 60:00

Play-by-Play

1st period


0:01 of 1st period - Nicklas Backstrom wins face-off versus Nazem Kadri in neutral zone.
0:08 of 1st period - Snap shot by David Perron.
0:08 of 1st period - Stopped by Maxime Daigneault with a rebound.
0:10 of 1st period - Snap shot by David Perron.
0:10 of 1st period - Stopped by Maxime Daigneault with a rebound.
0:26 of 1st period - Yann Sauvé is hit by Brad Richards and loses puck.
1:00 of 1st period - Slapshot by Gustav Nyquist.
1:00 of 1st period - Stopped by Maxime Daigneault without a rebound.
1:01 of 1st period - Sergey Kalinin wins face-off versus Nick Bonino in Coyotes zone.
1:57 of 1st period - Wrist shot by Nazem Kadri.
1:57 of 1st period - Stopped by Carey Price with a rebound.
2:27 of 1st period - Martin Samuelsson is hit by Sergey Kalinin and loses puck.
2:48 of 1st period - Kristopher Letang is hit by Nicklas Backstrom and loses puck.
3:07 of 1st period - Snap shot by Marian Gaborik.
3:07 of 1st period - Stopped by Carey Price with a rebound.
4:00 of 1st period - Zach Parise is hit by Dougie Hamilton.
4:34 of 1st period - Slapshot by Nicklas Backstrom.
4:34 of 1st period - Stopped by Maxime Daigneault with a rebound.
4:36 of 1st period - Slapshot by Nicklas Backstrom.
4:36 of 1st period - Stopped by Maxime Daigneault without a rebound.
4:37 of 1st period - Nazem Kadri wins face-off versus Nicklas Backstrom in Coyotes zone.
4:58 of 1st period - Off-side.
4:59 of 1st period - Sergei Shirokov wins face-off versus Brad Richards in neutral zone.
5:19 of 1st period - Slapshot by Mike Weber.
5:19 of 1st period - Stopped by Carey Price with a rebound.
5:21 of 1st period - Minor Penalty to David Perron for Holding.
5:22 of 1st period - Sergey Kalinin wins face-off versus Nazem Kadri in Blues zone.
7:21 of 1st period - Penalty to David Perron is over, David Perron is back on ice.
8:04 of 1st period - Zach Parise is hit by Jake Gardiner and loses puck.
8:46 of 1st period - Jamie Arniel is hit by Reilly Smith.
9:02 of 1st period - Brad Richards is hit by Sergei Shirokov and loses puck.
10:24 of 1st period - Slapshot by Alex Pietrangelo.
10:24 of 1st period - Stopped by Maxime Daigneault without a rebound.
10:25 of 1st period - Jamie Arniel wins face-off versus Sergey Kalinin in Coyotes zone.
10:36 of 1st period - Snap shot by Ramzi Abid.
10:36 of 1st period - Shot Misses the Net.
11:03 of 1st period - Minor Penalty to Zach Parise for Tripping.
11:04 of 1st period - Nicklas Backstrom wins face-off versus Ramzi Abid in Coyotes zone.
11:13 of 1st period - Off-side.
11:14 of 1st period - Nicklas Backstrom wins face-off versus Martin Samuelsson in neutral zone.
11:17 of 1st period - Anton Stralman is hit by David Perron and loses puck.
11:28 of 1st period - Slapshot by Alex Pietrangelo.
11:28 of 1st period - Deflect By David Perron.
11:28 of 1st period - Shot Misses the Net.
11:28 of 1st period - Puck is out of play.
11:29 of 1st period - Nicklas Backstrom wins face-off versus Martin Samuelsson in Coyotes zone.
11:45 of 1st period - Slapshot by Alex Pietrangelo.
11:45 of 1st period - Stopped by Maxime Daigneault without a rebound.
11:46 of 1st period - Martin Samuelsson wins face-off versus Jean-Gabriel Pageau in Coyotes zone.
11:46 of 1st period - Martin Samuelsson is hit by Sergei Shirokov.
12:12 of 1st period - Jordan Eberle is hit by Brad Richards and loses puck.
13:03 of 1st period - Penalty to Zach Parise is over, Zach Parise is back on ice.
13:16 of 1st period - Minor Penalty to Andrew MacDonald for Hooking.
13:17 of 1st period - Martin Samuelsson wins face-off versus Nicklas Backstrom in Coyotes zone.
13:17 of 1st period - Martin Samuelsson is hit by Nicklas Backstrom.
13:43 of 1st period - Filip Forsberg is hit by Anton Stralman.
13:47 of 1st period - Brad Richards is hit by Filip Forsberg and loses puck.
14:10 of 1st period - Michael Del Zotto is hit by Shayne Gostisbehere and loses puck.
15:16 of 1st period - Penalty to Andrew MacDonald is over, Andrew MacDonald is back on ice.
15:16 of 1st period - Icing by Michael Del Zotto.
15:17 of 1st period - Brad Richards wins face-off versus Gustav Nyquist in Coyotes zone.
16:15 of 1st period - Snap shot by Nazem Kadri.
16:15 of 1st period - Shot Blocked by Cody Ceci.
16:21 of 1st period - Snap shot by Filip Forsberg.
16:21 of 1st period - Shot Blocked by Tyler Ennis.
16:37 of 1st period - Snap shot by Marian Gaborik.
16:37 of 1st period - Shot Blocked by Dougie Hamilton.
16:51 of 1st period - Dougie Hamilton is hit by Kristopher Letang.
16:52 of 1st period - Icing by Dougie Hamilton.
16:53 of 1st period - Tomas Plekanec wins face-off versus Brad Richards in Blues zone.
17:00 of 1st period - Slapshot by Reilly Smith.
17:00 of 1st period - Stopped by Maxime Daigneault with a rebound.
17:33 of 1st period - Evgeny Artyukhin is hit by Jake Gardiner and loses puck.
17:42 of 1st period - Slapshot by Evgeny Artyukhin.
17:42 of 1st period - Shot Misses the Net.
18:02 of 1st period - Shayne Gostisbehere is hit by Chris Stewart and loses puck.
18:24 of 1st period - Wrist shot by Reilly Smith.
18:24 of 1st period - Stopped by Maxime Daigneault without a rebound.
18:25 of 1st period - Jordan Eberle wins face-off versus Brad Richards in Coyotes zone.
18:36 of 1st period - David Perron is hit by Andrew MacDonald and loses puck.
18:51 of 1st period - Andrew MacDonald is hit by Sergei Shirokov.
19:42 of 1st period - Wrist shot by Brad Richards.
19:42 of 1st period - Stopped by Carey Price without a rebound.
19:43 of 1st period - Nazem Kadri wins face-off versus Jean-Gabriel Pageau in Blues zone.
Goals for this period are 0 for Blues vs 0 for Coyotes.
Shots for this period are 9 for Blues vs 4 for Coyotes.

2nd period


0:01 of 2nd period - Nicklas Backstrom wins face-off versus Tyler Ennis in neutral zone.
0:04 of 2nd period - Anton Stralman is hit by Jordan Eberle and loses puck.
0:27 of 2nd period - Filip Forsberg is hit by Kristopher Letang and loses puck.
0:32 of 2nd period - Snap shot by Jamie Arniel.
0:32 of 2nd period - Stopped by Carey Price without a rebound.
0:33 of 2nd period - Jean-Gabriel Pageau wins face-off versus Jamie Arniel in Blues zone.
0:58 of 2nd period - Martin Samuelsson is hit by Filip Forsberg and loses puck.
1:05 of 2nd period - Slapshot by Thomas Hickey.
1:05 of 2nd period - Deflect By Martin Samuelsson.
1:05 of 2nd period - Stopped by Carey Price without a rebound.
1:06 of 2nd period - Nicklas Backstrom wins face-off versus Nazem Kadri in Blues zone.
1:34 of 2nd period - Snap shot by Chris Stewart.
1:34 of 2nd period - Stopped by Carey Price with a rebound.
1:36 of 2nd period - Minor Penalty to Reilly Smith for Hooking.
1:37 of 2nd period - Sergey Kalinin wins face-off versus Nazem Kadri in Blues zone.
1:46 of 2nd period - Wrist shot by Tyler Ennis.
1:46 of 2nd period - Stopped by Carey Price without a rebound.
1:47 of 2nd period - Nazem Kadri wins face-off versus Sergey Kalinin in Blues zone.
1:48 of 2nd period - Snap shot by Tyler Ennis.
1:48 of 2nd period - Stopped by Carey Price with a rebound.
1:50 of 2nd period - Snap shot by Anton Stralman.
1:50 of 2nd period - Stopped by Carey Price with a rebound.
1:52 of 2nd period - Snap shot by Tyler Ennis.
1:52 of 2nd period - Stopped by Carey Price with a rebound.
1:54 of 2nd period - Backhand shot by Marian Gaborik.
1:54 of 2nd period - Shot Blocked by Alex Pietrangelo.
1:56 of 2nd period - Snap shot by Nazem Kadri.
1:56 of 2nd period - Stopped by Carey Price with a rebound.
1:58 of 2nd period - Wrist shot by Anton Stralman.
1:58 of 2nd period - Deflect By Marian Gaborik.
1:58 of 2nd period - Stopped by Carey Price without a rebound.
1:59 of 2nd period - Sergey Kalinin wins face-off versus Nazem Kadri in Blues zone.
2:05 of 2nd period - Icing by Anton Stralman.
2:06 of 2nd period - Nazem Kadri wins face-off versus Sergey Kalinin in Coyotes zone.
2:11 of 2nd period - Slapshot by Anton Stralman.
2:11 of 2nd period - Shot Blocked by Jordan Eberle.
2:13 of 2nd period - Snap shot by Tyler Ennis.
2:13 of 2nd period - Stopped by Carey Price without a rebound.
2:14 of 2nd period - Nazem Kadri wins face-off versus Sergey Kalinin in Blues zone.
2:21 of 2nd period - Snap shot by Tyler Ennis.
2:21 of 2nd period - Shot Misses the Net.
2:23 of 2nd period - Slapshot by Marian Gaborik.
2:23 of 2nd period - Stopped by Carey Price with a rebound.
2:25 of 2nd period - Slapshot by Kristopher Letang.
2:25 of 2nd period - Deflect By Marian Gaborik.
2:25 of 2nd period - Stopped by Carey Price without a rebound.
2:26 of 2nd period - Nazem Kadri wins face-off versus Sergey Kalinin in Blues zone.
2:37 of 2nd period - Snap shot by Nazem Kadri.
2:37 of 2nd period - Shot Misses the Net.
3:04 of 2nd period - Snap shot by Simon Gagné.
3:04 of 2nd period - Shot Blocked by Zach Parise.
3:06 of 2nd period - Snap shot by Jean-Gabriel Pageau.
3:06 of 2nd period - Deflect By Zach Parise.
3:06 of 2nd period - Stopped by Maxime Daigneault with a rebound.
3:08 of 2nd period - Snap shot by Jake Gardiner.
3:08 of 2nd period - Stopped by Maxime Daigneault with a rebound.
3:10 of 2nd period - Wrist shot by Simon Gagné.
3:10 of 2nd period - Stopped by Maxime Daigneault with a rebound.
3:36 of 2nd period - Penalty to Reilly Smith is over, Reilly Smith is back on ice.
3:38 of 2nd period - Snap shot by Jordan Eberle.
3:38 of 2nd period - Stopped by Maxime Daigneault with a rebound.
3:54 of 2nd period - Slapshot by Alex Pietrangelo.
3:54 of 2nd period - Stopped by Maxime Daigneault without a rebound.
3:55 of 2nd period - Kyle Clifford wins face-off versus Brad Richards in Coyotes zone.
4:11 of 2nd period - Icing by Andrew MacDonald.
4:12 of 2nd period - Nicklas Backstrom wins face-off versus Chris Stewart in Coyotes zone.
5:16 of 2nd period - Icing by Tomas Plekanec.
5:17 of 2nd period - Nicklas Backstrom wins face-off versus Nick Bonino in Blues zone.
5:26 of 2nd period - Snap shot by David Perron.
5:26 of 2nd period - Stopped by Maxime Daigneault without a rebound.
5:27 of 2nd period - Tyler Ennis wins face-off versus Nicklas Backstrom in Coyotes zone.
5:54 of 2nd period - Wrist shot by Nazem Kadri.
5:54 of 2nd period - Shot Misses the Net.
6:06 of 2nd period - Snap shot by Brad Richards.
6:06 of 2nd period - Stopped by Carey Price with a rebound.
6:28 of 2nd period - Slapshot by Reilly Smith.
6:28 of 2nd period - Shot Misses the Net.
6:50 of 2nd period - Snap shot by Jordan Eberle.
6:50 of 2nd period - Shot Misses the Net.
7:26 of 2nd period - Slapshot by Jean-Gabriel Pageau.
7:26 of 2nd period - Deflect By Filip Forsberg.
7:26 of 2nd period - Shot Blocked by Nazem Kadri.
7:26 of 2nd period - Puck is out of play.
7:27 of 2nd period - Nicklas Backstrom wins face-off versus Brad Richards in Coyotes zone.
7:28 of 2nd period - Wrist shot by David Perron.
7:28 of 2nd period - Shot Blocked by Brad Richards.
7:30 of 2nd period - Snap shot by Jordan Eberle.
7:30 of 2nd period - Goal by Jordan Eberle - Blues : 1 - Coyotes : 0.
7:31 of 2nd period - Nicklas Backstrom wins face-off versus Nazem Kadri in neutral zone.
7:34 of 2nd period - Snap shot by Alex Pietrangelo.
7:34 of 2nd period - Deflect By Tyler Ennis.
7:34 of 2nd period - Stopped by Maxime Daigneault with a rebound.
7:36 of 2nd period - Snap shot by David Perron.
7:36 of 2nd period - Shot Blocked by Anton Stralman.
7:38 of 2nd period - Snap shot by Alex Pietrangelo.
7:38 of 2nd period - Shot Misses the Net.
7:58 of 2nd period - Yann Sauvé is hit by Jamie Arniel and loses puck.
8:09 of 2nd period - Wrist shot by Filip Forsberg.
8:09 of 2nd period - Stopped by Maxime Daigneault with a rebound.
8:23 of 2nd period - Slapshot by Thomas Hickey.
8:23 of 2nd period - Stopped by Carey Price with a rebound.
8:25 of 2nd period - Snap shot by Brad Richards.
8:25 of 2nd period - Deflect By Kyle Clifford.
8:25 of 2nd period - Shot Blocked by Reilly Smith.
8:25 of 2nd period - Puck is out of play.
8:26 of 2nd period - Brad Richards wins face-off versus Nicklas Backstrom in Blues zone.
8:53 of 2nd period - Jean-Gabriel Pageau is hit by Nazem Kadri and loses puck.
9:15 of 2nd period - Minor Penalty to Alex Pietrangelo for Interference.
9:16 of 2nd period - Sergey Kalinin wins face-off versus Tyler Ennis in Blues zone.
11:15 of 2nd period - Penalty to Alex Pietrangelo is over, Alex Pietrangelo is back on ice.
11:18 of 2nd period - Icing by Michael Del Zotto.
11:19 of 2nd period - Tomas Plekanec wins face-off versus Jamie Arniel in Coyotes zone.
11:28 of 2nd period - Snap shot by Jamie Arniel.
11:28 of 2nd period - Stopped by Carey Price without a rebound.
11:29 of 2nd period - Brad Richards wins face-off versus Nicklas Backstrom in Blues zone.
11:44 of 2nd period - Slapshot by Anton Stralman.
11:44 of 2nd period - Stopped by Carey Price with a rebound.
12:10 of 2nd period - Minor Penalty to Jean-Gabriel Pageau for Hooking.
12:11 of 2nd period - Tyler Ennis wins face-off versus Jordan Eberle in Blues zone.
12:18 of 2nd period - Wrist shot by Nazem Kadri.
12:18 of 2nd period - Goal by Nazem Kadri - Blues : 1 - Coyotes : 1.
12:19 of 2nd period - Nicklas Backstrom wins face-off versus Marian Gaborik in neutral zone.
12:23 of 2nd period - Off-side.
12:24 of 2nd period - Nicklas Backstrom wins face-off versus Nazem Kadri in neutral zone.
12:31 of 2nd period - Wrist shot by David Perron.
12:31 of 2nd period - Shot Misses the Net.
13:11 of 2nd period - Snap shot by Evgeny Artyukhin.
13:11 of 2nd period - Shot Misses the Net.
13:16 of 2nd period - Alex Pietrangelo is hit by Michael Del Zotto and loses puck.
13:33 of 2nd period - Wrist shot by Marian Gaborik.
13:33 of 2nd period - Shot Misses the Net.
14:56 of 2nd period - Off-side.
14:57 of 2nd period - Nazem Kadri wins face-off versus Jean-Gabriel Pageau in neutral zone.
15:45 of 2nd period - Snap shot by Michael Del Zotto.
15:45 of 2nd period - Stopped by Carey Price without a rebound.
15:46 of 2nd period - Jean-Gabriel Pageau wins face-off versus Nazem Kadri in Blues zone.
15:46 of 2nd period - Jean-Gabriel Pageau is hit by Michael Del Zotto.
16:01 of 2nd period - Minor Penalty to Jean-Gabriel Pageau for Roughing.
16:02 of 2nd period - Nazem Kadri wins face-off versus Sergey Kalinin in Blues zone.
16:07 of 2nd period - Wrist shot by Tyler Ennis.
16:07 of 2nd period - Shot Misses the Net.
16:09 of 2nd period - Snap shot by Marian Gaborik.
16:09 of 2nd period - Stopped by Carey Price with a rebound.
16:29 of 2nd period - Anton Stralman is hit by Alex Pietrangelo and loses puck.
17:39 of 2nd period - Simon Gagné is hit by Chris Stewart and loses puck.
18:01 of 2nd period - Penalty to Jean-Gabriel Pageau is over, Jean-Gabriel Pageau is back on ice.
18:35 of 2nd period - Matt Donovan is hit by Jean-Gabriel Pageau and loses puck.
18:58 of 2nd period - Matt Donovan is hit by Sergey Kalinin.
19:27 of 2nd period - Minor Penalty to Nicklas Backstrom for Hooking.
19:28 of 2nd period - Nazem Kadri wins face-off versus Sergey Kalinin in Blues zone.
19:37 of 2nd period - Slapshot by Marian Gaborik.
19:37 of 2nd period - Shot Misses the Net.
19:39 of 2nd period - Snap shot by Nazem Kadri.
19:39 of 2nd period - Stopped by Carey Price without a rebound.
19:40 of 2nd period - Nazem Kadri wins face-off versus Sergey Kalinin in Blues zone.
19:49 of 2nd period - Wrist shot by Tyler Ennis.
19:49 of 2nd period - Stopped by Carey Price with a rebound.
19:51 of 2nd period - Snap shot by Kristopher Letang.
19:51 of 2nd period - Shot Blocked by Alex Pietrangelo.
19:57 of 2nd period - Wrist shot by Marian Gaborik.
19:57 of 2nd period - Goal by Marian Gaborik - Blues : 1 - Coyotes : 2.
19:58 of 2nd period - Nicklas Backstrom wins face-off versus Nazem Kadri in neutral zone.
Goals for this period are 1 for Blues vs 2 for Coyotes.
Shots for this period are 9 for Blues vs 22 for Coyotes.

3rd period


0:01 of 3rd period - Nazem Kadri wins face-off versus Jordan Eberle in neutral zone.
0:36 of 3rd period - Wrist shot by Nicklas Backstrom.
0:36 of 3rd period - Shot Misses the Net.
1:18 of 3rd period - Minor Penalty to Tyler Ennis for Cross-checking.
1:19 of 3rd period - Martin Samuelsson wins face-off versus Nicklas Backstrom in Coyotes zone.
1:54 of 3rd period - Slapshot by Alex Pietrangelo.
1:54 of 3rd period - Shot Misses the Net.
1:56 of 3rd period - Slapshot by Alex Pietrangelo.
1:56 of 3rd period - Stopped by Maxime Daigneault with a rebound.
3:18 of 3rd period - Penalty to Tyler Ennis is over, Tyler Ennis is back on ice.
3:37 of 3rd period - Slapshot by Thomas Hickey.
3:37 of 3rd period - Shot Hit the Post.
3:51 of 3rd period - Reilly Smith is hit by Thomas Hickey and loses puck.
3:58 of 3rd period - Snap shot by Yann Sauvé.
3:58 of 3rd period - Stopped by Maxime Daigneault with a rebound.
4:18 of 3rd period - Andrew MacDonald is hit by Gustav Nyquist and loses puck.
4:54 of 3rd period - Zach Parise is hit by Shayne Gostisbehere and loses puck.
5:29 of 3rd period - Matt Donovan is hit by Yann Sauvé and loses puck.
6:01 of 3rd period - Wrist shot by Filip Forsberg.
6:01 of 3rd period - Shot Misses the Net.
6:17 of 3rd period - Nick Bonino is hit by Jake Gardiner and loses puck.
6:56 of 3rd period - Wrist shot by Gustav Nyquist.
6:56 of 3rd period - Shot Misses the Net.
7:10 of 3rd period - Minor Penalty to Michael Del Zotto for High sticking.
7:11 of 3rd period - Nicklas Backstrom wins face-off versus Martin Samuelsson in Coyotes zone.
7:12 of 3rd period - Snap shot by David Perron.
7:12 of 3rd period - Deflect By Jordan Eberle.
7:12 of 3rd period - Deflect By Martin Samuelsson.
7:12 of 3rd period - Shot Misses the Net.
7:12 of 3rd period - Puck is out of play.
7:13 of 3rd period - Nicklas Backstrom wins face-off versus Martin Samuelsson in Coyotes zone.
7:22 of 3rd period - Wrist shot by Nicklas Backstrom.
7:22 of 3rd period - Stopped by Maxime Daigneault with a rebound.
7:24 of 3rd period - Wrist shot by David Perron.
7:24 of 3rd period - Shot Blocked by Anton Stralman.
7:26 of 3rd period - Slapshot by David Perron.
7:26 of 3rd period - Stopped by Maxime Daigneault with a rebound.
7:28 of 3rd period - Slapshot by Alex Pietrangelo.
7:28 of 3rd period - Stopped by Maxime Daigneault without a rebound.
7:29 of 3rd period - David Perron wins face-off versus Martin Samuelsson in Coyotes zone.
7:44 of 3rd period - Snap shot by Jordan Eberle.
7:44 of 3rd period - Shot Misses the Net.
8:09 of 3rd period - Snap shot by Zach Parise.
8:09 of 3rd period - Shot Misses the Net.
8:11 of 3rd period - Snap shot by Kristopher Letang.
8:11 of 3rd period - Deflect By Jean-Gabriel Pageau.
8:11 of 3rd period - Stopped by Carey Price without a rebound.
8:12 of 3rd period - Nicklas Backstrom wins face-off versus Martin Samuelsson in Blues zone.
8:12 of 3rd period - Nicklas Backstrom is hit by Kristopher Letang.
8:38 of 3rd period - Ramzi Abid is hit by Shayne Gostisbehere and loses puck.
9:10 of 3rd period - Penalty to Michael Del Zotto is over, Michael Del Zotto is back on ice.
9:25 of 3rd period - Anton Stralman is hit by Tomas Plekanec and loses puck.
9:42 of 3rd period - Wrist shot by Gustav Nyquist.
9:42 of 3rd period - Goal by Gustav Nyquist - Blues : 2 - Coyotes : 2.
9:43 of 3rd period - Nazem Kadri wins face-off versus Nicklas Backstrom in neutral zone.
10:10 of 3rd period - Shayne Gostisbehere is hit by Michael Del Zotto and loses puck.
10:45 of 3rd period - Slapshot by Matt Donovan.
10:45 of 3rd period - Deflect By David Perron.
10:45 of 3rd period - Stopped by Carey Price with a rebound.
10:47 of 3rd period - Wrist shot by Martin Samuelsson.
10:47 of 3rd period - Stopped by Carey Price without a rebound.
10:48 of 3rd period - Jamie Arniel wins face-off versus Jean-Gabriel Pageau in Blues zone.
10:51 of 3rd period - Snap shot by Martin Samuelsson.
10:51 of 3rd period - Stopped by Carey Price with a rebound.
10:53 of 3rd period - Wrist shot by Kristopher Letang.
10:53 of 3rd period - Stopped by Carey Price with a rebound.
10:55 of 3rd period - Slapshot by Anton Stralman.
10:55 of 3rd period - Deflect By Evgeny Artyukhin.
10:55 of 3rd period - Stopped by Carey Price with a rebound.
10:57 of 3rd period - Snap shot by Evgeny Artyukhin.
10:57 of 3rd period - Shot Blocked by Sergei Shirokov.
11:02 of 3rd period - Minor Penalty to Jean-Gabriel Pageau for Tripping.
11:03 of 3rd period - Nazem Kadri wins face-off versus Sergey Kalinin in Blues zone.
12:23 of 3rd period - Icing by Chris Stewart.
12:24 of 3rd period - Brad Richards wins face-off versus Sergey Kalinin in Coyotes zone.
13:02 of 3rd period - Penalty to Jean-Gabriel Pageau is over, Jean-Gabriel Pageau is back on ice.
13:13 of 3rd period - Slapshot by Shayne Gostisbehere.
13:13 of 3rd period - Shot Misses the Net.
13:15 of 3rd period - Slapshot by Cody Ceci.
13:15 of 3rd period - Deflect By Reilly Smith.
13:15 of 3rd period - Shot Misses the Net.
13:15 of 3rd period - Puck is out of play.
13:16 of 3rd period - Tomas Plekanec wins face-off versus Jamie Arniel in Coyotes zone.
13:17 of 3rd period - Slapshot by Kyle Clifford.
13:17 of 3rd period - Stopped by Maxime Daigneault without a rebound.
13:18 of 3rd period - Jamie Arniel wins face-off versus Tomas Plekanec in Coyotes zone.
13:28 of 3rd period - Dougie Hamilton is hit by Jamie Arniel and loses puck.
13:45 of 3rd period - Cody Ceci is hit by Nazem Kadri and loses puck.
14:34 of 3rd period - Slapshot by Dougie Hamilton.
14:34 of 3rd period - Shot Blocked by Kristopher Letang.
14:36 of 3rd period - Slapshot by Simon Gagné.
14:36 of 3rd period - Shot Blocked by Kristopher Letang.
14:38 of 3rd period - Wrist shot by Sergey Kalinin.
14:38 of 3rd period - Stopped by Maxime Daigneault without a rebound.
14:39 of 3rd period - Nicklas Backstrom wins face-off versus Chris Stewart in Coyotes zone.
15:03 of 3rd period - Icing by Yann Sauvé.
15:04 of 3rd period - Nazem Kadri wins face-off versus Tomas Plekanec in Blues zone.
15:17 of 3rd period - Slapshot by Kyle Clifford.
15:17 of 3rd period - Shot Blocked by Kristopher Letang.
15:40 of 3rd period - Wrist shot by Jamie Arniel.
15:40 of 3rd period - Stopped by Carey Price with a rebound.
16:22 of 3rd period - Icing by Yann Sauvé.
16:23 of 3rd period - Jamie Arniel wins face-off versus Sergey Kalinin in Blues zone.
16:24 of 3rd period - Wrist shot by Martin Samuelsson.
16:24 of 3rd period - Shot Misses the Net.
16:36 of 3rd period - Snap shot by Simon Gagné.
16:36 of 3rd period - Shot Misses the Net.
16:38 of 3rd period - Snap shot by Sergey Kalinin.
16:38 of 3rd period - Stopped by Maxime Daigneault with a rebound.
16:48 of 3rd period - Snap shot by Sergey Kalinin.
16:48 of 3rd period - Stopped by Maxime Daigneault with a rebound.
16:50 of 3rd period - Wrist shot by Gustav Nyquist.
16:50 of 3rd period - Goal by Gustav Nyquist - Blues : 3 - Coyotes : 2.
16:51 of 3rd period - Nick Bonino wins face-off versus Tomas Plekanec in neutral zone.
17:08 of 3rd period - Slapshot by Ramzi Abid.
17:08 of 3rd period - Deflect By Marian Gaborik.
17:08 of 3rd period - Shot Blocked by Jake Gardiner.
17:08 of 3rd period - Puck is out of play.
17:09 of 3rd period - Nicklas Backstrom wins face-off versus Jamie Arniel in Blues zone.
17:57 of 3rd period - Minor Penalty to Nick Bonino for Interference.
17:58 of 3rd period - Nicklas Backstrom wins face-off versus Martin Samuelsson in Coyotes zone.
17:59 of 3rd period - Wrist shot by Alex Pietrangelo.
17:59 of 3rd period - Stopped by Maxime Daigneault without a rebound.
18:00 of 3rd period - Martin Samuelsson wins face-off versus Nicklas Backstrom in Coyotes zone.
18:16 of 3rd period - Off-side.
18:17 of 3rd period - Jordan Eberle wins face-off versus Martin Samuelsson in neutral zone.
18:44 of 3rd period - Kristopher Letang is hit by Sergei Shirokov and loses puck.
19:03 of 3rd period - Slapshot by Shayne Gostisbehere.
19:03 of 3rd period - Goal by Shayne Gostisbehere - Blues : 4 - Coyotes : 2.
19:04 of 3rd period - Kyle Clifford wins face-off versus Nick Bonino in neutral zone.
19:17 of 3rd period - Snap shot by Ramzi Abid.
19:17 of 3rd period - Shot Hit the Post.
19:33 of 3rd period - Off-side.
19:34 of 3rd period - Sergey Kalinin wins face-off versus Jamie Arniel in neutral zone.
19:39 of 3rd period - Wrist shot by Gustav Nyquist.
19:39 of 3rd period - Stopped by Maxime Daigneault without a rebound.
19:40 of 3rd period - Jamie Arniel wins face-off versus Sergey Kalinin in Coyotes zone.
19:40 of 3rd period - Jamie Arniel is hit by Gustav Nyquist.
Goals for this period are 3 for Blues vs 0 for Coyotes.
Shots for this period are 14 for Blues vs 7 for Coyotes.